Map: Catalyst LE

Players

axu - Winner!

  • Race: Protoss Protoss
  • League: Platinum
  • Spawn Location: 5:00

LOrobin

  • Race: Terran Terran
  • League: Platinum
  • Spawn Location: 11:00

VOD

Have the link to the VOD?

Description

Time

  • Played on: May 21, 2018, 7:13 a.m.
  • Length: 10:44
Show
View Real Time Build Order
Export as new Build Order

axu Protoss - Winner!

Build Orders: 1 Gate Expand, Double Forge, Blink Stalkers 

Get SALT Encoding   

  12  0:01  Probe  
  13  0:13  Probe  
  14  0:20  Pylon  
  14  0:25  Probe  
  15  0:36  Probe  
  15  0:39  Gateway  
  16  0:44  Probe  
  17  0:53  Probe  
  17  0:56  Assimilator  
  18  1:04  Probe  
  19  1:16  Probe  
  20  1:32  Nexus  
  20  1:39  Probe  
  21  1:40  Cybernetics Core  
  21  1:53  Probe  
  22  2:07  Pylon  
  22  2:10  Probe  
  22  2:13  Assimilator  
  22  2:17  Warp Gate  
  22  2:22  Probe  
  23  2:40  Stalker  
  23  2:44  Probe, Twilight Council  
  23  2:47  Gateway  
  23  2:48  Gateway  
  23  2:51  Probe  
  27  2:56  Probe  
  28  3:03  Probe  
  28  3:04  Stalker  
  29  3:06  Pylon  
  29  3:08  Probe  
  32  3:20  Blink  
  32  3:24  Probe x2  
  33  3:32  Probe x2  
  35  3:46  Stalker  
  35  3:47  Pylon  
  37  3:50  Stalker x2  
  37  3:52  Probe  
  37  3:53  Probe  
  42  4:19  Pylon  
  42  4:21  Pylon  
  42  4:31  Stalker  
  42  4:32  Stalker x2  
  42  4:37  Probe x2  
  48  4:40  Assimilator  
  48  4:42  Assimilator  
  50  4:45  Probe x2  
  52  4:52  Forge  
  52  4:55  Forge  
  52  5:00  Probe  
  52  5:01  Probe  
  54  5:13  Pylon, Templar Archives  
  54  5:16  Pylon  
  48  5:49  Probe  
  50  5:50  Probe  
  50  5:53  Protoss Ground Weapons Level 1, Protoss Ground Armor Level 1  
  46  6:01  Probe  
  46  6:04  Psionic Storm  
  47  6:06  Pylon  
  47  6:07  Probe  
  47  6:09  Pylon  
  48  6:14  Probe  
  48  6:16  Zealot x2  
  53  6:19  Probe, Charge, Nexus  
  53  6:22  Pylon  
  53  6:25  Pylon  
  54  6:26  Probe  
  54  6:28  Robotics Facility  
  54  6:31  Probe  
  56  6:38  Probe  
  57  6:43  Probe  
  57  6:46  High Templar x3  
  64  6:57  Probe x2, Gateway x2  
  64  6:59  Gateway  
  64  7:09  Probe  
  63  7:23  Observer  
  63  7:28  Stalker x3  
  70  7:32  Probe x3  
  74  7:44  Probe x3  
  74  7:50  Observer  
  77  7:52  Shield Battery  
  77  7:56  Shield Battery  
  77  7:59  Zealot x5  
  77  8:00  Assimilator, Zealot  
  77  8:04  Assimilator  
  89  8:06  Probe x3  
  92  8:15  Photon Cannon  
  92  8:17  Gateway  
  92  8:18  Probe x3  
  95  8:21  Immortal  
  95  8:24  High Templar x3  
  95  8:25  High Templar  
  107  8:28  Sentry  
  107  8:29  Sentry  
  107  8:30  Probe  
  107  8:32  Archon x2  
  112  8:55  Zealot x2  
  116  8:57  Zealot x4  
  124  9:18  Stalker x2  
  124  9:19  Zealot x2  
  124  9:20  Zealot  
  130  9:25  Zealot x2  
  112  9:52  Zealot  
  112  9:53  Zealot x5  
  100  10:36  Zealot x3  
  100  10:37  Zealot x3  
Show
View Real Time Build Order
Export as new Build Order

LOrobin Terran 

Build Orders: Reaper Expand 

Get SALT Encoding   

  12  0:00  SCV  
  13  0:12  SCV  
  14  0:17  Supply Depot  
  14  0:25  SCV  
  15  0:39  SCV  
  15  0:40  Barracks  
  16  0:44  Refinery  
  16  0:51  SCV  
  17  1:03  SCV  
  18  1:15  SCV  
  19  1:27  Orbital Command  
  19  1:28  Reaper  
  20  1:43  Command Center  
  20  1:55  SCV  
  21  2:09  Marine  
  21  2:10  Factory  
  21  2:11  SCV  
  23  2:19  Supply Depot  
  23  2:30  Refinery  
  23  2:37  Barracks Reactor  
  23  2:40  SCV  
  24  2:52  SCV  
  25  3:00  Hellion  
  25  3:03  Starport  
  27  3:06  Orbital Command  
  27  3:09  SCV  
  28  3:21  SCV  
  29  3:34  SCV x2  
  31  3:37  Barracks Tech Lab  
  31  3:40  Hellion  
  31  3:41  Hellion  
  35  3:42  Viking  
  35  3:46  SCV  
  38  3:48  Supply Depot  
  38  3:52  SCV  
  39  4:02  Hellion x2  
  42  4:22  SCV x2  
  44  4:24  Barracks Reactor  
  44  4:34  SCV x2  
  44  4:36  Cyclone x2  
  52  4:46  Command Center  
  52  4:47  Supply Depot  
  52  4:49  SCV x2  
  52  4:51  Banshee  
  57  4:56  Supply Depot  
  57  4:58  Refinery  
  57  4:59  Refinery  
  57  5:01  SCV x2  
  59  5:08  Cyclone  
  59  5:09  Cyclone  
  59  5:12  Supply Depot  
  65  5:19  Supply Depot  
  50  5:40  Cyclone  
  50  5:41  Cyclone  
  50  5:58  SCV x3  
  53  6:12  Orbital Command, Cyclone  
  53  6:17  Cyclone  
  59  6:26  Armory  
  59  6:32  Barracks Tech Lab  
  59  6:34  Medivac x2  
  63  6:43  SCV x2  
  63  6:44  Cyclone, SCV  
  63  6:46  Refinery  
  69  6:50  Refinery  
  69  6:55  SCV  
  69  6:56  SCV  
  71  7:06  SCV  
  71  7:07  SCV  
  71  7:08  SCV  
  74  7:18  SCV  
  72  7:23  SCV x2  
  74  7:30  SCV  
  74  7:32  Terran Vehicle Weapons Level 1  
  74  7:36  Factory  
  74  7:37  Medivac x2  
  77  7:39  Cyclone x2, Command Center  
  85  7:51  Barracks Tech Lab  
  85  7:56  Factory  
  85  8:03  SCV x3  
  88  8:09  Liberator x2  
  88  8:11  Cyclone x2  
  94  8:19  Supply Depot  
  94  8:24  Infernal Pre-Igniter  
  100  8:30  Armory  
  100  8:38  SCV  
  100  8:39  SCV  
  100  8:40  SCV  
  103  8:52  Supply Depot, SCV  
  104  8:55  Orbital Command  
  104  8:56  Supply Depot  
  104  8:59  Thor x2  
  116  9:05  SCV  
  116  9:09  Viking  
  119  9:17  SCV  
  96  9:52  Siege Tank  
  79  9:53  Siege Tank  
  79  9:55  Hellion x2  
  79  9:59  SCV x3  
Tags
 
Add a new tag
Caveats
  • Supply blocks, unpowered buildings, or Contaminate may cause inaccurate times.
  • Supply counts are checked every 10 seconds.